 Dungeon Crawl Stone Soup version 0.30.1-3-gfc49f6343a (webtiles) character file.

Game seed: 5733919463608024049

322 croobank the Trooper (level 6, -7/44 HPs)
             Began as an Octopode Monk on July 19, 2023.
             Killed by divine providence
             ... invoked by an orc priest
              (15 damage)
             ... on level 3 of the Dungeon.
             The game lasted 00:05:15 (2105 turns).

croobank the Trooper (Octopode Monk)                Turns: 2105, Time: 00:05:15

Health: -7/44      AC:  1    Str: 10    XL:     6   Next: 47%
Magic:  6/6        EV: 15    Int: 15    God:
Gold:   203        SH:  0    Dex: 14    Spells: 5/5 levels left

rFire   . . .        k - +0 dagger (speed)
rCold   . . .        (no shield)
rNeg    . . .        (helmet restricted)
rPois   .            (no amulet)
rElec   .            (no ring)
rCorr   .            (no ring)
SInv    .            (no ring)
Will    .....        (no ring)
Stlth   ++           (no ring)
HPRegen 0.27/turn    (no ring)
MPRegen 0.10/turn    (no ring)
                     (no ring)

%: no passive effects
@: no status effects
A: almost no armour, amphibious, 8 rings, camouflage 1, gelatinous body 1,
(nimble swimmer 1), tentacles
a: no special abilities


You were on level 3 of the Dungeon.
You visited 1 branch of the dungeon, and saw 3 of its levels.

You collected 203 gold pieces.

Inventory:

Hand Weapons
 a - a +0 short sword
 k - a +0 dagger of speed (weapon)
 n - a +0 falchion
Armour
 c - an orb of light
Jewellery
 q - a ring of see invisible
Scrolls
 g - 4 scrolls of identify {unknown}
 i - a scroll of immolation {unknown}
 j - 3 scrolls of teleportation {unknown}
 l - 2 scrolls of vulnerability {unknown}
 o - a scroll of fear {unknown}
 r - a scroll of magic mapping {unknown}
Potions
 b - 2 potions of ambrosia
 d - a potion of invisibility {unknown}
 e - a potion of berserk rage {unknown}
 f - 2 potions of brilliance {unknown}
 h - 3 potions of curing
 m - 3 potions of attraction {unknown}
 p - a potion of heal wounds {unknown}
 s - a potion of lignification {unknown}
 t - a potion of magic {unknown}


   Skills:
 + Level 4.7 Fighting
 + Level 4.6 Short Blades
 + Level 4.7 Dodging


You had 5 spell levels left.
You didn't know any spells.
Your spell library was empty.

Dungeon Overview and Level Annotations

Branches:
Dungeon (3/15)

Altars:


Innate Abilities, Weirdness & Mutations

You cannot wear most types of armour.
You are amphibious.
You can wear up to eight rings at the same time.
Your skin changes colour to match your surroundings (Stealth+).
Your rubbery body absorbs attacks. (AC +1, EV +1)
((You are camouflaged when in or above water. (Stealth+)))
You have tentacles for arms and can constrict up to eight enemies at once.


Message History

The gnoll is severely wounded.
You constrict the gnoll. The gnoll hits you with a +0 flail!
You hit the gnoll but do no damage.
The gnoll is severely wounded.
You constrict the gnoll, but do no damage.
You hit the gnoll but do no damage.
The gnoll is severely wounded.
You constrict the gnoll. The gnoll barely misses you.
You hit the gnoll.
You kill the gnoll!
An orc priest comes into view. It is wielding a +0 hand axe.
The gnoll hits you from afar with a +0 spear.
A gnoll comes into view.
It is wielding a +0 halberd of freezing.
The gnoll hits you with a +0 spear!
The gnoll shouts!
You hit the gnoll. You grab the gnoll.
The gnoll is lightly wounded.
You constrict the gnoll. The gnoll hits you with a +0 spear!
You hit the gnoll. You squeeze the gnoll.
The gnoll is almost dead.
You constrict the gnoll.
You kill the gnoll!
An orc comes into view.
It is wielding a +0 dagger and wearing a +2 ring mail of fire resistance.
Found a club.
An orc comes into view. It is wielding a +1 heavy mace.
You see here a +0 spear.
The orc shouts!
You hit the orc priest but do no damage.
Your grab misses the orc priest.
The orc priest hits you with a +0 hand axe!
* * * LOW HITPOINT WARNING * * *
You hit the orc priest. Your grab misses the orc priest.
You squeeze the orc priest, but do no damage.
The orc priest is lightly wounded.
You hit the orc priest. You grab the orc priest.
The orc priest is moderately wounded.
You constrict the orc priest.
The orc priest calls down the wrath of Beogh upon you.
Beogh smites you!
You die...

#.#.#.)..
#.#.#..o
##.#....
#.....g#
#......# #
#......#'##
#....o....## #
#...@.......
#.###.........##
#.............#
####.÷)†..#...##
#.#.........#
#.#..)......#
#.#.#.......#
#)#.###'#####
#.#.# #.#


You could see an orc priest, a gnoll and an orc.

Vanquished Creatures
  Sigmund (D:2)
  A gnoll bouda (D:3)
  Robin (D:2)
  5 gnolls
  An adder (D:3)
  2 worms (D:2)
  A dart slug (D:1)
  3 bats
  6 endoplasms
  4 giant cockroaches
  11 goblins
  8 hobgoblins
  4 jackals
  A quokka (D:2)
  7 ball pythons
  2 frilled lizards
  6 rats
64 creatures vanquished.

Notes
Turn   | Place    | Note
-------+----------+-------------------------------------------
     0 | D:1      | croobank the Octopode Monk began the quest for the Orb.
     0 | D:1      | Reached XP level 1. HP: 16/16 MP: 1/1
   172 | D:1      | Reached XP level 2. HP: 16/21 MP: 2/2
   423 | D:1      | Reached XP level 3. HP: 26/26 MP: 3/3
  1064 | D:2      | Noticed Sigmund
  1073 | D:2      | Killed Sigmund
  1074 | D:2      | Reached XP level 4. HP: 33/33 MP: 4/4
  1074 | D:2      | Reached XP level 5. HP: 37/37 MP: 5/5
  1567 | D:2      | Identified the +0 helmet "Osen" {SInv}
  1567 | D:2      | Noticed Robin
  1584 | D:2      | Killed Robin
  1585 | D:2      | Reached XP level 6. HP: 12/44 MP: 6/6
  2105 | D:3      | Killed from afar by an orc priest

Illustrated notes

Levels and vault maps discovered:
D:1:      scummos_arrival_simple_fountains, layout_basic,
          minmay_gold_behind_fungi, minmay_pentomino_x4
D:2:      layout_loops_ring, minmay_surrounded, uniq_robin, uniq_sigmund
D:3:      layout_basic, mainiacjoe_overflow_alcove_2, uniq_ijyb

Skill      XL: |  1  2  3 |
---------------+----------+-----
Fighting       | 4 |  4.7
Short Blades   | 4 |  4.6
Dodging        | 4 |  4.7

Action                     |  1- 3 |  4- 6 || total
---------------------------+-------+-------++-------
  Melee: Short sword       |    39 |       ||    39
         Tentacles         |    12 |    32 ||    44
         Constrict         |    12 |    29 ||    41
         Dagger            |     9 |   125 ||   134
         Punch             |       |     5 ||     5
    Use: Potion            |       |     1 ||     1
   Stab: Sleeping          |     6 |     6 ||    12
         Distracted        |       |     1 ||     1
 Armour: Skin              |     3 |     6 ||     9
  Dodge: Dodged            |    17 |    45 ||    62
